 Dungeon Crawl Stone Soup version 0.31-a0-355-g57cb03d3e8 (webtiles) character file.

Game seed: 5168389421018413311

15442 bobarctor the Grappler (level 12, -8/101 HPs)
             Began as a Troll Shapeshifter on July 24, 2023.
             Was a Follower of Trog.
             Mangled by a +1 war axe of chaos (9 damage)
             ... on level 1 of the Lair of Beasts.
             The game lasted 00:48:12 (9188 turns).

bobarctor the Grappler (Troll Shapeshifter)         Turns: 9188, Time: 00:48:13

Health: -8/101     AC: 10    Str: 31    XL:     12   Next: 1%
Magic:  11/11      EV: 24    Int:  3    God:    Trog [*.....]
Gold:   278        SH:  0    Dex: 18    Spells: 11/11 levels left

rFire   + .          .
                       - Unarmed
rCold   . . .        (no shield)
rNeg    . . .        t - +2 robe of the Dozen Hosts {*Slow Regen+ rCorr Str+6}
rPois   .            (helmet currently unavailable)
rElec   .            (cloak currently unavailable)
rCorr   +            (gloves unavailable)
SInv    .            (boots unavailable)
Will    .....        (no amulet)
Stlth   +++          k - +4 ring of protection
HPRegen 1.96/turn    a - +5 ring of evasion
MPRegen 0.12/turn

%: slow self (1%)
@: agile, about to teleport, beast-form, on berserk cooldown, slowed, very slow
A: beast (slay +7), large, unfitting armour, claws 3, regeneration 1, shaggy fur
1, tough skin 1, agile 1, fire resistance 1
a: Begin Untransformation, Renounce Religion, Berserk


You were on level 1 of the Lair of Beasts.
You worshipped Trog.
Trog was aware of your devotion.
You were a hulking beast.
You visited 3 branches of the dungeon, and saw 11 of its levels.

You collected 605 gold pieces.
You spent 327 gold pieces at shops.

Inventory:

Hand Weapons
 y - a +1 mace of holy wrath
Missiles
 q - 13 poisoned darts
 A - 12 large rocks (quivered)
 I - a curare-tipped dart
Armour
 t - the +2 robe of the Dozen Hosts (worn) {*Slow Regen+ rCorr Str+6}
   (You found it on level 3 of the Dungeon)

   Str:       It affects your strength (+6).
   Regen:     It increases your rate of health regeneration.
   rCorr:     It protects you from acid and corrosion.
   *Slow:     It may slow you when you take damage.
 B - +0 steam dragon scales
Jewellery
 a - a +5 ring of evasion (right claw)
 k - a +4 ring of protection (left claw)
Talismans
 c - a beast talisman
 s - a serpent talisman
 z - a maw talisman
Wands
 p - a wand of paralysis (6)
 w - a wand of acid (9)
 x - a wand of mindburst (19)
 J - a wand of polymorph (4)
Scrolls
 f - a scroll of vulnerability {unknown}
 g - 4 scrolls of teleportation
 h - 2 scrolls of revelation {unknown}
 i - 3 scrolls of immolation {unknown}
 j - 6 scrolls of identify
 l - 2 scrolls of fog {unknown}
 n - 2 scrolls of enchant armour {unknown}
 o - 2 scrolls of fear {unknown}
 r - 2 scrolls of amnesia {unknown}
 C - 2 scrolls of enchant weapon {unknown}
 H - a scroll of noise {unknown}
 K - a scroll of butterflies {unknown}
Potions
 b - a potion of resistance {unknown}
 d - 3 potions of might
 e - a potion of cancellation
 m - a potion of ambrosia
 u - a potion of enlightenment
 v - 3 potions of berserk rage
 D - a potion of heal wounds
 E - 4 potions of attraction
 F - 3 potions of curing
 G - a potion of magic


   Skills:
 - Level 2.0 Fighting
 - Level 1.3 Throwing
 + Level 7.7 Dodging
 + Level 4.5 Stealth
 - Level 11.0 Unarmed Combat
 * Level 10.4 Shapeshifting


You had 11 spell levels left.
You didn't know any spells.
Your spell library contained the following spells:

 Spells                   Type           Power      Damage    Failure   Level
 Magic Dart               Conj           0%         1d3       52%         1
 Call Imp                 Summ           0%         N/A       67%         2
 Call Canine Familiar     Summ           0%         N/A       88%         3
 Mephitic Cloud           Conj/Pois/Air  0%         N/A       88%         3
 Portal Projectile        Hex/Tloc       0%         N/A       88%         3
 Vhi's Electric Charge    Tloc/Air       0%         N/A       88%         3
 Airstrike                Air            0%         2d(0-16)  99%         4
 Leda's Liquefaction      Hex/Erth       0%         N/A       99%         4
 Arcjolt                  Conj/Air       0%         1d10      100%        5


Dungeon Overview and Level Annotations

Branches:
Dungeon (9/15)             Temple (1/1) D:7            Lair (1/5) D:8
    Orc (0/2) D:9

Altars:
Ashenzari
Cheibriados
Dithmenos
Elyvilon
Fedhas
Gozag
Hepliaklqana
Kikubaaqudgha
Makhleb
Nemelex Xobeh
Okawaru
Qazlal
Ru
Sif Muna
Trog
Uskayaw
Vehumet
Wu Jian
Xom
Yredelemnul
Zin

Shops:
D:4 *(*   D:6 [(!   D:7 (

Annotations:
Lair:1 Kocvedd's ghost, journeyman DDFi


Innate Abilities, Weirdness & Mutations

You are a hulking beast.
Your limbs bulge with bestial killing power. (Slay +7)
You are too large for most types of armour.
You have claws for hands.
Your natural rate of healing is unusually fast.
You are covered in fur. (AC +1)
You have tough skin. (AC +1)
You are agile. (Dex +4, Str/Int -1)
Your flesh is heat resistant. (rF+)


Message History

Kocvedd's ghost hits you but does no damage.
The +1 war axe of chaos hits you!
You easily resist.
You feel sick.
You are no longer poisoned.
Kocvedd's ghost hits you!! The +1 war axe of chaos hits you.
You can move again.
You are too berserk!
You scratch Kocvedd's ghost but do no damage.
Kocvedd's ghost is moderately damaged.
The +1 war axe of chaos completely misses you.
Kocvedd's ghost barely misses you.
You claw Kocvedd's ghost!
Kocvedd's ghost is moderately damaged.
The +1 war axe of chaos hits you.
You feel more agile all of a sudden. Kocvedd's ghost hits you!
* * * LOW HITPOINT WARNING * * *
You scratch Kocvedd's ghost but do no damage.
Kocvedd's ghost is moderately damaged.
The +1 war axe of chaos barely misses you.
Kocvedd's ghost completely misses you. The +1 war axe of chaos hits you!
* * * LOW HITPOINT WARNING * * *
You feel more agile all of a sudden.
You are no longer berserk.
You are exhausted.
You feel as though you will be slow longer.
The +1 war axe of chaos hits you!
* * * LOW HITPOINT WARNING * * *
You shrug off the repeated paralysis!
You feel much better. The +1 war axe of chaos hits you!
* * * LOW HITPOINT WARNING * * *
The +1 war axe of chaos burns you.
* * * LOW HITPOINT WARNING * * *
Kocvedd's ghost misses you.
The +1 war axe of chaos completely misses you.
As you read the scroll of teleportation, it crumbles to dust.
You feel strangely unstable. The +1 war axe of chaos hits you!
* * * LOW HITPOINT WARNING * * *
Kocvedd's ghost closely misses you. The +1 war axe of chaos hits you!
You die...

.......#............#....# #...##
.......#...#........#....# #...##
.......P...##.###.#.#....# ######
##..##...................###### #
.........>...............##P#.###
.................................
.................................
.....^.........>..........######.
.#..P+###.......h........####P###
........#...##.(W..#.....##....##
............####'####....#.......
........#..####$_(# #....##....#.
........#..P#.##.## #....##....##
........#..###.#### #..........#.
........#..# #....# #.....#......
........#..# ##+#.# #....##......
........#..# ##.#.###....P###..##


You could see a +1 war axe of chaos and Kocvedd's ghost.

Vanquished Creatures
  2 catoblepae
  A two-headed ogre (D:9)
  A cyclops (D:6)
  A black mamba (Lair:1)
  Joseph (D:7)
  A cane toad (Lair:1)
  A gargoyle (D:9)
  A rime drake (Lair:1)
  4 komodo dragons (Lair:1)
  2 trolls (D:9)
  A hornet (D:9)
  15 blink frogs (Lair:1)
  2 shadows (D:9)
  Sigmund (D:5)
  2 wyverns
  Eustachio (D:5)
  A basilisk (Lair:1)
  A steam dragon (D:8)
  11 yaks
  Menkaure (D:5)
  An acid dragon (D:9)
  A water moccasin (Lair:1)
  Duvessa (D:6)
  An ice beast (D:6)
  A sky beast (D:8)
  3 ogres
  3 centaurs
  4 wolves (Lair:1)
  3 kobold brigands
  4 phantoms
  10 bullfrogs
  4 scorpions
  8 wights
  Dowan (D:6)
  6 killer bees (D:7)
  2 howler monkeys (D:7)
  6 hounds
  3 jellies
  6 orc priests
  3 sleepcaps
  Jessica (D:3)
  2 gnoll boudas
  2 iguanas
  Ijyb (D:3)
  9 orc wizards
  9 adders
  9 gnolls
  A shadow imp (D:6)
  A white imp (D:8)
  An ufetubus (D:5)
  A worm (D:2)
  A dart slug (D:1)
  25 orcs
  3 ball pythons
  3 endoplasms
  4 giant cockroaches
  11 goblins
  8 hobgoblins
  10 kobolds
  6 quokkas
  5 bats
  3 frilled lizards
  3 rats
241 creatures vanquished.

Notes
Turn   | Place    | Note
-------+----------+-------------------------------------------
     0 | D:1      | bobarctor the Troll Shapeshifter began the quest for the
                  | Orb.
     0 | D:1      | Reached XP level 1. HP: 18/18 MP: 0/0
    56 | D:1      | Reached XP level 2. HP: 10/26 MP: 1/1
   674 | D:1      | Reached XP level 3. HP: 32/32 MP: 2/2
   972 | D:2      | Found the +1 Delatra's gloves {ID++}
  1179 | D:2      | Reached XP level 4. HP: 40/40 MP: 3/3
  1262 | D:2      | Reached skill level 4 in Unarmed Combat
  2012 | D:3      | Noticed Jessica
  2018 | D:3      | Killed Jessica
  2219 | D:3      | Reached XP level 5. HP: 44/46 MP: 4/4
  2226 | D:3      | Identified the +2 robe of the Dozen Hosts {*Slow Regen+
                  | rCorr Str+6}
  2292 | D:3      | Reached skill level 1 in Fighting
  2670 | D:3      | Noticed Ijyb
  2679 | D:3      | Killed Ijyb
  2699 | D:4      | Found Yrhybav's General Store.
  2699 | D:4      | Found Vuezonam's Weapon Shoppe.
  2699 | D:4      | Found Vacw's General Store.
  2719 | D:4      | Reached skill level 5 in Unarmed Combat
  2805 | D:4      | Noticed a phantom
  2824 | D:4      | Killed a phantom
  2825 | D:4      | Reached XP level 6. HP: 55/55 MP: 5/5
  3019 | D:4      | Got the Compendium of the Welkin
  3079 | D:4      | Found a shadowy altar of Dithmenos.
  3096 | D:4      | Reached skill level 6 in Unarmed Combat
  3096 | D:4      | Reached XP level 7. HP: 62/62 MP: 6/6
  3198 | D:5      | Entered Level 5 of the Dungeon
  3207 | D:5      | Reached skill level 1 in Stealth
  4100 | D:5      | Noticed Sigmund
  4108 | D:4      | Bought a potion of berserk rage for 50 gold pieces
  4108 | D:4      | Bought a potion of heal wounds for 50 gold pieces
  4117 | D:5      | Noticed Menkaure
  4174 | D:5      | Killed Menkaure
  4175 | D:5      | Reached skill level 7 in Unarmed Combat
  4195 | D:5      | Killed Sigmund
  4276 | D:5      | Reached skill level 5 in Shapeshifting
  4281 | D:5      | Reached XP level 8. HP: 70/70 MP: 7/7
  4452 | D:5      | Noticed Eustachio
  4463 | D:5      | Killed Eustachio
  4516 | D:5      | Reached skill level 8 in Unarmed Combat
  4728 | D:6      | Found Wanyipoe's Distillery.
  4748 | D:6      | Bought a potion of mutation for 88 gold pieces
  4748 | D:6      | Bought a potion of curing for 33 gold pieces
  4748 | D:6      | Gained mutation: Your flesh is heat resistant. (rF+)
                  | [potion of mutation]
  4748 | D:6      | Gained mutation: You are agile. (Dex +4, Str/Int -1)
                  | [potion of mutation]
  4749 | D:6      | Found Vuarromn's Weapon Shop.
  4809 | D:6      | Reached skill level 9 in Unarmed Combat
  4850 | D:6      | Noticed a cyclops
  4854 | D:6      | Killed a cyclops
  4855 | D:6      | Reached XP level 9. HP: 55/76 MP: 8/8
  4870 | D:6      | Found Bamupref's Armour Boutique.
  4993 | D:6      | Noticed Duvessa
  4994 | D:6      | Noticed Dowan
  5000 | D:6      | Killed Duvessa
  5002 | D:6      | Killed Dowan
  5176 | D:6      | Reached skill level 1 in Throwing
  5176 | D:6      | Reached skill level 10 in Unarmed Combat
  5224 | D:6      | Found a burning altar of Makhleb.
  5414 | D:7      | Found a staircase to the Ecumenical Temple.
  5423 | D:7      | Found a bloodstained altar of Trog.
  5441 | D:7      | Became a worshipper of Trog the Wrathful
  5460 | Temple   | Entered the Ecumenical Temple
  5479 | D:7      | Noticed Joseph
  5598 | D:7      | Found Siumelue's Weapon Shoppe.
  5967 | D:7      | Killed Joseph
  5968 | D:7      | Reached skill level 11 in Unarmed Combat
  5968 | D:7      | Reached XP level 10. HP: 70/87 MP: 9/9
  6051 | D:8      | Found a broken altar of Ashenzari.
  6118 | D:8      | Found a staircase to the Lair.
  6540 | D:8      | Reached * piety under Trog
  6567 | D:8      | Found a stormy altar of Qazlal.
  6654 | D:8      | Found a shimmering altar of Xom.
  6749 | D:6      | Bought a potion of curing for 33 gold pieces
  6749 | D:6      | Bought a potion of curing for 33 gold pieces
  7057 | D:4      | Bought a scroll of identify for 20 gold pieces
  7057 | D:4      | Bought a scroll of identify for 20 gold pieces
  7280 | D:9      | Found an opulent altar of Gozag.
  7323 | D:9      | Noticed a two-headed ogre
  7329 | D:9      | Killed a two-headed ogre
  7330 | D:9      | Reached skill level 5 in Dodging
  7582 | D:9      | Noticed a gargoyle
  7586 | D:9      | Killed a gargoyle
  7632 | D:9      | Noticed a catoblepas
  7655 | D:9      | Killed a catoblepas
  7721 | D:9      | Found a staircase to the Orcish Mines.
  7868 | D:9      | Reached XP level 11. HP: 84/93 MP: 10/10
  8032 | Lair:1   | Entered Level 1 of the Lair of Beasts
  8148 | Lair:1   | Noticed a catoblepas
  8290 | Lair:1   | HP: 6/139 [komodo dragon (20)]
  8486 | Lair:1   | Found a runed translucent door.
  8488 | Lair:1   | Reached ** piety under Trog
  8519 | Lair:1   | Reached skill level 10 in Shapeshifting
  8660 | Lair:1   | Killed a catoblepas
  8852 | Lair:1   | Reached XP level 12. HP: 86/101 MP: 11/11
  8931 | Lair:1   | Found a shimmering altar of Xom.
  8931 | Lair:1   | Noticed Kocvedd's ghost (journeyman DDFi)
  9178 | Lair:1   | Paralysed by a +1 war axe of chaos for 4 turns
  9186 | Lair:1   | HP: 4/101 [+1 war axe of chaos (17)]
  9188 | Lair:1   | HP: 1/101 [+1 war axe of chaos (11)]
  9188 | Lair:1   | Mangled by a +1 war axe of chaos

Illustrated notes

Levels and vault maps discovered:
D:1:      dpeg_arrival_rhombus, layout_loops_corners
D:2:      layout_loops_corners, pf_guarded_unrand_delatra
D:3:      layout_loops_corners, uniq_ijyb, uniq_jessica
D:4:      layout_basic, nicolae_dithmenos_shadow_blocks, serial_bayou,
          serial_bayou_ford_a, serial_bayou_pond_e, serial_bayou_shore_a,
          serial_bayou_pond_c, nicolae_shop_distant_corner_stores,
          minmay_ogre_servants
D:5:      layout_basic, uniq_eustachio, uniq_sigmund, uniq_menkaure
D:6:      layout_cave_pools, lemuel_doored_altar, serial_shops,
          nicolae_shop_tiny_glass, shop, shop, uniq_duvessa
D:7:      layout_basic, bloody_trog, minmay_temple_entry_drinking_statues,
          serial_shops, shop_statue, minivault_24, kennysheep_generic_room_15,
          uniq_joseph
D:8:      layout_loops_ring, lemuel_coloured_pillars_altar,
          mainiacjoe_overflow_24_doors, nicolae_ashenzari_panopticon,
          lair_entry_dummy
D:9:      minmay_octagon_keep, layout_loops_ring,
          nicolae_gozag_cash_rules_everything_around_me
Temple:   nicolae_temple_superstar
Lair:1:   layout_regular_city, ebering_ghost_xom, beast_lair_carwin_8

Skill      XL: |  1  2  3  4  5  6  7  8  9 10 11 |
---------------+----------------------------------+-----
Dodging        | 2 3 4 6 7 |  7.7
Unarmed Combat | 4 5 6 7 9 11 | 11.0
Fighting       | 1 2 |  2.0
Shapeshifting  | 4 5 6 8 10 | 10.4
Stealth        | 1 2 3 4 |  4.5
Throwing       | 1 |  1.3

Action                     |  1- 3 |  4- 6 |  7- 9 | 10-12 || total
---------------------------+-------+-------+-------+-------++-------
  Melee: Unarmed           |    69 |   107 |   210 |   221 ||   607
         Punch             |     3 |     3 |    17 |    17 ||    40
  Throw: Dart              |       |     3 |       |       ||     3
         Large rock        |       |       |     6 |    26 ||    32
 Invoke: Berserk           |       |       |       |     5 ||     5
    Use: Potion            |       |       |     1 |     1 ||     2
         Scroll            |       |       |     9 |     1 ||    10
   Stab: Sleeping          |       |     1 |     1 |     2 ||     4
         Petrified         |       |       |       |     1 ||     1
 Armour: Animal skin       |    23 |     3 |       |       ||    26
         Robe              |       |    17 |    71 |    34 ||   122
  Dodge: Dodged            |    21 |    55 |    92 |   134 ||   302

Table legend: (Time is in decaauts)
 A = Elapsed time spent in this place.
 B = Non-inter-level travel time spent in this place.
 C = Inter-level travel time spent in this place.
 D = Time resting spent in this place.
 E = Time spent auto-exploring this place.
 F = Levels seen in this place.
 G = Mean time per level.
                   A        B        C        D        E       F      G
               +--------+--------+--------+--------+--------+-----+--------+
         Total |   9182 |   8420 |    762 |    435 |   5938 |  11 |  834.7 |
       Dungeon |   8012 |   7250 |    762 |    281 |   5256 |   9 |  890.2 |
        Temple |      6 |      6 |      0 |      0 |      0 |   1 |    6.0 |
          Lair |   1163 |   1163 |      0 |    153 |    682 |   1 | 1163.0 |
               +--------+--------+--------+--------+--------+-----+--------+

Top non-repeatable levels by time:
     D:4: 1270 daAuts
  Lair:1: 1163 daAuts
     D:2: 1039 daAuts
     D:3: 1022 daAuts
     D:1: 872 daAuts
     D:9: 851 daAuts
     D:5: 833 daAuts
     D:8: 767 daAuts
     D:7: 753 daAuts
     D:6: 602 daAuts
  Temple: 6 daAuts
